 Dungeon Crawl Stone Soup version 0.30-a0-726-gd89dcf765f (webtiles) character file.

Game seed: 16729168044295852796

469 hikkokomori the Conjurer (level 6, -5/36 HPs)
             Began as a Deep Elf Conjurer on Jan 30, 2023.
             Slain by an ogre
             ... wielding a +0 giant club
              (21 damage)
             ... on level 4 of the Dungeon.
             The game lasted 00:06:32 (3458 turns).

hikkokomori the Conjurer (Deep Elf Conjurer)        Turns: 3458, Time: 00:06:33

Health: -5/36      AC:  4    Str: 10    XL:     6   Next: 82%
Magic:  9/12       EV: 12    Int: 23    God:
Gold:   165        SH:  0    Dex: 15    Spells: 3/11 levels left

rFire   + . .      SeeInvis .    c - +0 long sword
rCold   + . .      Faith    .    (no shield)
rNeg    . . .      Spirit   .    a - +0 robe
rPois   .          Reflect  .    (no helmet)
rElec   .          Harm     .    v - scarf {rC+ rF+}
rCorr   .          Rampage  .    (no gloves)
Will    .....                    u - +1 pair of boots
Stlth   +++                      w - amulet of magic regeneration
HPRegen 0.26/turn                q - ring of wizardry
MPRegen 0.53/turn                d - +6 ring of strength

@: no status effects
A: no striking features
a: no special abilities


You were on level 4 of the Dungeon.
You visited 1 branch of the dungeon, and saw 4 of its levels.

You collected 165 gold pieces.

Inventory:

Hand Weapons
 c - a +0 long sword (weapon)
 f - a +1 short sword
 m - a +5 mace of draining
Armour
 a - a +0 robe (worn)
 r - a scarf of invisibility
 u - a +1 pair of boots (worn)
 v - a scarf of resistance (worn)
Jewellery
 d - a +6 ring of strength (right hand)
 q - a ring of wizardry (left hand)
 w - an amulet of magic regeneration (around neck)
Wands
 t - a wand of iceblast (7)
Scrolls
 i - a scroll of noise
 j - a scroll of fear
 l - a scroll of teleportation
 o - a scroll of enchant armour
Potions
 b - a potion of magic
 e - 2 potions of curing
 g - a potion of ambrosia {unknown}
 h - 2 potions of heal wounds
 k - a potion of resistance {unknown}
 n - 4 potions of mutation
 p - 3 potions of degeneration
 s - a potion of might


   Skills:
 + Level 2.6 Fighting
 - Level 2.6 Dodging
 + Level 5.3 Stealth
 - Level 3.2 Spellcasting
 + Level 6.0 Conjurations
 + Level 3.8 Hexes


You had 3 spell levels left.
You knew the following spells:

 Your Spells              Type           Power      Damage    Failure   Level
a - Magic Dart            Conj           100%       1d8       1%          1
b - Dazzling Flash        Conj/Hex       52%        N/A       1%          3
c - Fulminant Prism       Conj/Hex       13%        3d9       6%          4

Your spell library contained the following spells:

 Spells                   Type           Power      Damage    Failure   Level
 Searing Ray              Conj           62%        2d6       1%          2
 Lesser Beckoning         Tloc           6%         N/A       7%          2
 Sublimation of Blood     Necr           3%         N/A       7%          2
 Wereblood                Tmut           3%         N/A       7%          2
 Gell's Gravitas          Tloc           3%         N/A       14%         3
 Teleport Other           Tloc           3%         N/A       14%         3
 Iskenderun's Mystic Bla  Conj/Tloc      17%        2d5       13%         4
 Dispersal                Tloc           1%         N/A       99%         6
 Summon Hydra             Summ           1%         N/A       100%        7


Dungeon Overview and Level Annotations

Branches:
Dungeon (4/15)
 Temple: D:4-7

Altars:

Annotations:
D:4 1 transporter


Message History

You feel stronger.
d - a +6 ring of strength (right hand)
You start putting on your amulet.
You continue putting on your amulet of magic regeneration. x5
You finish putting on your amulet of magic regeneration.
w - an amulet of magic regeneration (around neck)
An adder is nearby!
Found a stone staircase leading down.
The helpless adder fails to defend itself.
You hit the adder.
The adder is heavily wounded.
The adder barely misses you. The adder bites you but does no damage.
You slash the adder!
You kill the adder!
Your Conjurations skill increases to level 6!
No target in view!
No target in view!
No target in view!
No target in view!
No target in view!
No target in view!
No target in view!
No target in view!
e - 2 potions of curing (gained 1)
An ogre comes into view. It is wielding a +0 giant club.
The ogre shouts!
The ogre hits you with a +0 giant club!!
Ouch! That really hurt!
You are too injured to fight recklessly!
You are too injured to fight recklessly!
You are too injured to fight recklessly!
You are too injured to fight recklessly!
Casting: Dazzling Flash (safe; 1% risk of failure)
Confirm with . or Enter, or press ? or * to list all spells.
Casting: Dazzling Flash (safe; 1% risk of failure)
Press: ? - help, Dir - look around, f - activate The ogre is dazzled.
The ogre hits you with a +0 giant club!!
Ouch! That really hurt!
You die...

#.....#...###
............#
............#### ####
...........#.#.# #...##
.............#.###.....#
.................#.....#
......................#
.....................#
................@O...#
................#..###
...........##.###....#
.......##......# ...##
#.......(......# ####
...####..####...
....####.#.##....
......##....#....#
................##


You could see an ogre (blind).

Vanquished Creatures
  Sigmund (D:3)
  A jelly (D:4)
  Jessica (D:2)
  Natasha (thrice) (D:3)
  Terence (D:3)
  An orc wizard (D:3)
  5 adders
  4 dart slugs
  5 orcs
  8 endoplasms
  6 giant cockroaches
  3 goblins
  2 hobgoblins
  10 jackals
  6 kobolds
  2 quokkas
  5 ball pythons
  2 bats
  3 frilled lizards
  4 rats
73 creatures vanquished.

Vanquished Creatures (others)
  4 fulminant prisms (D:3)
  48 plants (D:3)
52 creatures vanquished.

Grand Total: 125 creatures vanquished

Notes
Turn   | Place    | Note
-------+----------+-------------------------------------------
     0 | D:1      | hikkokomori the Deep Elf Conjurer began the quest for the
                  | Orb.
     0 | D:1      | Reached XP level 1. HP: 10/10 MP: 6/6
   147 | D:1      | Reached XP level 2. HP: 15/15 MP: 6/8
   812 | D:2      | Reached XP level 3. HP: 20/20 MP: 6/9
   855 | D:2      | Learned a level 3 spell: Dazzling Flash
   993 | D:2      | Found a faded altar of an unknown god.
  1038 | D:2      | Noticed Jessica
  1041 | D:2      | Killed Jessica
  1042 | D:2      | Reached skill level 1 in Fighting
  1042 | D:2      | Reached skill level 5 in Conjurations
  1042 | D:2      | Reached skill level 1 in Hexes
  1042 | D:2      | Reached XP level 4. HP: 25/25 MP: 6/10
  1584 | D:2      | Learned a level 4 spell: Fulminant Prism
  1819 | D:2      | You fall into a shaft and drop 2 floors!
  1830 | D:3      | Noticed Sigmund
  2205 | D:3      | Killed Sigmund
  2206 | D:3      | Reached XP level 5. HP: 23/30 MP: 2/11
  2206 | D:3      | Reached XP level 6. HP: 27/35 MP: 2/12
  2253 | D:3      | Noticed Terence
  2262 | D:3      | Killed Terence
  2318 | D:3      | Noticed Natasha
  2326 | D:3      | Killed Natasha
  2327 | D:3      | Reached skill level 5 in Stealth
  2401 | D:3      | Noticed Natasha
  2409 | D:3      | Killed Natasha
  2744 | D:3      | Noticed Natasha
  2755 | D:3      | Killed Natasha
  3324 | D:4      | Found a transporter.
  3441 | D:4      | Reached skill level 6 in Conjurations
  3458 | D:4      | Slain by an ogre

Illustrated notes

Levels and vault maps discovered:
D:1:      lightli_iron_boxes, layout_rooms, interstate_on_off
D:2:      layout_basic, ebering_ecumenical_altar_rust, dk_noncrumbling_2,
          minmay_misc_feat_room, supply_closet_lemuel, uniq_jessica
D:3:      layout_loops_ring, serial_bayou, serial_bayou_shore_a,
          serial_bayou_crossing, serial_bayou_lake_a, serial_bayou_pond_c,
          serial_bayou_pond_e, serial_bayou_pond_a, uniq_terence, uniq_natasha,
          uniq_sigmund
D:4:      layout_cave_pools, gammafunk_temple_of_torment

Skill      XL: |  1  2  3  4  5  6 |
---------------+-------------------+-----
Stealth        | 3 4 5 |  5.3
Fighting       | 1 2 |  2.6
Conjurations   | 5 6 |  6.0
Hexes          | 1 2 3 |  3.8
Dodging        | |  2.6
Spellcasting   | |  3.2

Action                     |  1- 3 |  4- 6 || total
---------------------------+-------+-------++-------
  Melee: Long sword        |       |    88 ||    88
         Punch             |       |     1 ||     1
   Cast: Magic Dart        |    55 |    37 ||    92
         Fulminant Prism   |       |     4 ||     4
         Dazzling Flash    |       |     2 ||     2
  Evoke: Wand              |       |     3 ||     3
    Use: Scroll            |       |    12 ||    12
         Potion            |       |     1 ||     1
   Stab: Sleeping          |       |     4 ||     4
 Armour: Robe              |       |    30 ||    30
  Dodge: Dodged            |     2 |    63 ||    65

Table legend: (Time is in decaauts)
 A = Elapsed time spent in this place.
 B = Non-inter-level travel time spent in this place.
 C = Inter-level travel time spent in this place.
 D = Time resting spent in this place.
 E = Time spent auto-exploring this place.
 F = Levels seen in this place.
 G = Mean time per level.
                   A        B        C        D        E       F      G
               +--------+--------+--------+--------+--------+-----+--------+
         Total |   3553 |   3473 |     80 |      0 |   2925 |   4 |  888.2 |
       Dungeon |   3553 |   3473 |     80 |      0 |   2925 |   4 |  888.2 |
               +--------+--------+--------+--------+--------+-----+--------+

Top non-repeatable levels by time:
     D:2: 1269 daAuts
     D:3: 1257 daAuts
     D:1: 681 daAuts
     D:4: 346 daAuts
